Map: Oxide LE

Players

Clem - Winner!

  • Race: Terran Terran

GunGFuBanDa

  • Race: Protoss Protoss

Event: DreamHack SC2 Masters 2021 Winter

VOD

Have the link to the VOD?

Description

Time

  • Played on: Sept. 30, 2021, 10:40 a.m.
  • Length: 7:26

All games in this series

Show
View Real Time Build Order
Export as new Build Order

Clem Terran - Winner!

Build Orders:  

Get SALT Encoding   

  12  0:00  SCV  
  13  0:12  SCV  
  14  0:16  Supply Depot  
  14  0:25  SCV  
  15  0:38  SCV  
  15  0:40  Barracks  
  16  0:44  Refinery  
  16  0:50  SCV  
  17  1:02  SCV  
  18  1:14  SCV  
  19  1:26  Marine  
  19  1:27  Orbital Command  
  20  1:42  Command Center  
  20  1:46  Barracks Reactor  
  20  1:52  SCV  
  21  1:58  Supply Depot  
  21  2:05  SCV  
  22  2:10  Factory  
  22  2:17  SCV  
  22  2:21  Marine x2  
  25  2:29  SCV  
  26  2:31  Refinery  
  26  2:41  SCV, Marine x2  
  29  2:53  SCV  
  29  2:54  Hellion  
  29  2:56  Starport  
  29  2:58  Orbital Command  
  32  3:04  Marine x2  
  34  3:07  SCV  
  35  3:16  Hellion  
  35  3:18  Supply Depot  
  37  3:22  SCV  
  37  3:24  SCV  
  39  3:32  Medivac  
  41  3:34  SCV  
  41  3:36  SCV  
  41  3:37  Hellion  
  41  3:40  Barracks  
  45  3:47  SCV, Marine x2  
  48  3:51  Supply Depot  
  48  3:53  SCV  
  49  3:59  Factory Tech Lab  
  49  4:00  Engineering Bay  
  49  4:01  SCV  
  50  4:07  Bunker, Marine x2  
  52  4:10  SCV  
  52  4:14  SCV  
  54  4:19  Siege Tank  
  57  4:25  Marine x2  
  57  4:26  SCV  
  57  4:30  SCV  
  61  4:35  Barracks Tech Lab  
  62  4:38  SCV  
  62  4:42  Barracks  
  62  4:46  Supply Depot  
  62  4:48  Refinery  
  62  4:51  Supply Depot  
  62  4:55  Stimpack  
  62  5:01  Starport Reactor  
  62  5:02  Supply Depot  
  62  5:03  Factory Reactor  
  62  5:08  SCV x2, Marine x3  
  62  5:10  Terran Infantry Weapons Level 1, Refinery  
  67  5:19  Supply Depot  
  67  5:20  SCV x2  
  69  5:25  Marine x2  
  69  5:27  Marauder, Supply Depot  
  73  5:32  SCV x2  
  67  5:37  Combat Shield  
  67  5:38  Marauder  
  67  5:40  Medivac x2  
  73  5:43  Marine x2  
  73  5:44  Widow Mine x2, SCV x2  
  73  5:49  Marauder  
  83  5:52  Supply Depot  
  83  5:56  SCV x2  
  85  5:59  Marauder  
  87  6:04  Command Center  
  87  6:10  Supply Depot  
  87  6:11  Widow Mine x2  
  88  6:18  Medivac  
  88  6:19  Medivac  
  88  6:20  Marine  
  88  6:21  Marine  
  88  6:25  Marauder  
  97  6:26  Marauder  
  97  6:35  Widow Mine x2, Concussive Shells  
  97  6:36  Supply Depot  
  97  6:37  SCV  
  97  6:38  SCV  
  103  6:46  Marine  
  103  6:47  Marine  
  102  6:48  Marauder  
  102  6:51  Marauder  
  106  6:57  Barracks  
  106  6:59  Barracks  
  108  7:06  Marine  
Show
View Real Time Build Order
Export as new Build Order

GunGFuBanDa Protoss 

Build Orders: 1 Gate Expand, Colossus Rush 

Get SALT Encoding   

  12  0:00  Probe  
  13  0:12  Probe  
  14  0:17  Pylon  
  14  0:24  Probe  
  15  0:36  Probe (Chrono Boost)  
  15  0:40  Gateway  
  16  0:47  Assimilator  
  16  0:48  Probe (Chrono Boost)  
  17  0:53  Probe (Chrono Boost)  
  18  1:03  Probe  
  19  1:15  Probe  
  20  1:27  Cybernetics Core  
  20  1:37  Nexus  
  20  1:39  Probe  
  21  1:46  Pylon  
  21  1:51  Probe  
  22  1:55  Assimilator  
  22  2:03  Adept (Chrono Boost), Probe  
  25  2:08  Warp Gate  
  25  2:16  Probe (Chrono Boost)  
  26  2:25  Stalker  
  26  2:26  Probe (Chrono Boost)  
  29  2:34  Probe  
  30  2:41  Gateway  
  30  2:50  Probe x2 (Chrono Boost)  
  34  2:59  Probe (Chrono Boost)  
  34  3:01  Probe (Chrono Boost)  
  34  3:04  Probe (Chrono Boost)  
  34  3:06  Robotics Facility  
  34  3:08  Stalker  
  37  3:16  Probe (Chrono Boost)  
  37  3:19  Probe (Chrono Boost), Shield Battery  
  39  3:24  Probe (Chrono Boost)  
  41  3:27  Pylon  
  41  3:28  Probe (Chrono Boost)  
  41  3:30  Probe  
  42  3:38  Assimilator  
  42  3:42  Probe  
  42  3:43  Assimilator, Probe  
  44  3:53  Observer  
  44  3:54  Pylon  
  45  3:56  Stalker, Sentry  
  45  3:58  Probe x2  
  51  4:03  Robotics Bay  
  51  4:10  Probe  
  51  4:11  Probe  
  51  4:16  Observer  
  54  4:17  Pylon  
  54  4:22  Probe  
  55  4:25  Stalker  
  55  4:26  Stalker  
  54  4:35  Probe (Chrono Boost)  
  54  4:36  Probe (Chrono Boost)  
  51  4:48  Probe x2 (Chrono Boost)  
  53  4:59  Probe x2 (Chrono Boost)  
  52  5:00  Colossus (Chrono Boost)  
  60  5:10  Probe x2  
  62  5:22  Probe (Chrono Boost)  
  62  5:24  Nexus  
  64  5:32  Probe (Chrono Boost)  
  64  5:34  Probe (Chrono Boost)  
  65  5:37  Extended Thermal Lance  
  65  5:39  Pylon  
  65  5:41  Probe (Chrono Boost)  
  66  5:45  Pylon  
  66  5:46  Probe  
  67  5:51  Probe, Forge  
  67  5:55  Colossus (Chrono Boost)  
  68  5:57  Observer  
  68  6:03  Probe x2  
  76  6:07  Gateway  
  76  6:24  Stalker x2  
  80  6:26  Probe x2  
  80  6:30  Twilight Council  
  80  6:34  Gateway  
  80  6:37  Probe  
  80  6:38  Probe  
  80  6:39  Probe  
  83  6:49  Probe  
  83  6:50  Probe  
  84  6:56  Probe  
  84  7:01  Stalker, Zealot, Probe  
  89  7:03  Pylon  
  89  7:14  Probe (Chrono Boost)  
  88  7:16  Pylon  
  88  7:17  Probe x2 (Chrono Boost)  

Tags
 
Add a new tag
Caveats
  • Supply blocks, unpowered buildings, or Contaminate may cause inaccurate times.
  • Supply counts are checked every 10 seconds.